Map: Romanticide LE

Players

lft

  • Race: Terran Terran
  • League: Platinum
  • Spawn Location: 11:00

Massa - Winner!

  • Race: Terran Terran
  • League: Platinum
  • Spawn Location: 5:00

VOD

Have the link to the VOD?

Description

Time

  • Played on: Jan. 16, 2021, 11:23 a.m.
  • Length: 16:29
Show
View Real Time Build Order
Export as new Build Order

lft Terran 

Build Orders:  

Get SALT Encoding   

  12  0:01  SCV  
  13  0:13  SCV  
  14  0:18  Supply Depot  
  14  0:27  SCV  
  15  0:40  SCV, Barracks  
  16  0:52  SCV  
  16  0:56  Supply Depot  
  17  1:04  SCV  
  17  1:06  Barracks  
  18  1:16  SCV  
  19  1:23  Barracks  
  19  1:27  Marine  
  20  1:33  Refinery  
  20  1:37  Orbital Command  
  20  1:45  Marine  
  21  1:59  Marine  
  22  2:03  Marine  
  23  2:10  Marine  
  24  2:17  Marine, Supply Depot  
  24  2:21  Marine  
  26  2:26  SCV  
  26  2:28  Marine  
  28  2:34  Marine  
  29  2:38  Marine  
  30  2:46  Marine  
  31  2:52  Marine  
  31  2:56  Marine  
  33  3:02  Supply Depot  
  33  3:03  Marine  
  33  3:05  SCV, Factory  
  35  3:10  Marine  
  36  3:14  Marine  
  37  3:21  Marine  
  38  3:28  Marine  
  38  3:32  Marine  
  29  3:52  Command Center  
  29  3:56  SCV  
  29  3:57  Marine x2  
  29  3:58  Marine  
  29  4:02  Factory Tech Lab  
  33  4:07  Starport  
  33  4:08  SCV  
  33  4:09  Refinery  
  32  4:11  Engineering Bay  
  32  4:15  Marine x2  
  34  4:20  SCV  
  34  4:22  Siege Tank  
  38  4:29  Marine  
  39  4:33  Marine x2  
  41  4:44  Supply Depot  
  41  4:45  Medivac, Supply Depot  
  43  4:47  Marine  
  44  4:55  SCV  
  45  5:03  Marine x2  
  45  5:05  Marine  
  48  5:07  SCV  
  48  5:12  Siege Tank  
  52  5:21  Marine x2  
  53  5:23  Marine  
  55  5:31  Medivac  
  55  5:35  SCV x2  
  59  5:39  Refinery  
  59  5:41  Refinery  
  59  5:46  Marine  
  59  5:47  SCV x2, Marine  
  63  5:59  SCV  
  63  6:00  SCV  
  63  6:02  Medivac  
  63  6:04  Marine x3  
  70  6:15  SCV  
  71  6:21  Marine, Supply Depot  
  71  6:22  Marine x2, Supply Depot  
  74  6:29  SCV x2  
  76  6:39  Marine  
  76  6:40  Marine  
  76  6:42  SCV x2, Marine  
  81  6:54  SCV  
  81  6:57  Marine  
  81  6:58  Marine  
  81  7:00  Marine  
  81  7:01  Planetary Fortress  
  85  7:06  SCV  
  86  7:15  Marine x2  
  84  7:18  Marine, Missile Turret  
  84  7:19  SCV, Missile Turret  
  76  7:31  SCV  
  76  7:33  Marine x2  
  76  7:35  Marine  
  53  7:43  SCV  
  44  7:54  Missile Turret  
  41  7:59  SCV x2  
  37  8:11  SCV x2  
  39  8:18  Marine x3  
  41  8:23  SCV x2  
  43  8:33  Missile Turret  
  40  8:35  SCV x2, Marine  
  40  8:36  Marine x2  
  40  8:41  Missile Turret  
  43  8:47  SCV x2  
  42  8:53  Marine  
  42  8:54  Marine x2  
  41  9:11  Marine x2  
  38  9:31  Marine x3  
  41  9:39  SCV  
  41  9:40  SCV  
  43  9:47  Terran Infantry Weapons Level 1  
  43  9:48  Marine  
  43  9:49  Marine x2  
  46  10:04  SCV x2  
  46  10:06  Marine  
  49  10:07  Marine x2  
  49  10:14  Missile Turret  
  51  10:15  Missile Turret  
  51  10:24  Marine  
  51  10:28  Barracks Reactor, Barracks Tech Lab  
  52  10:38  Command Center  
  52  10:42  Marine  
  53  10:47  Starport Reactor  
  53  10:49  Combat Shield  
  53  10:53  Siege Tank  
  56  11:00  Marine  
  57  11:05  Marine  
  57  11:06  Marine x2  
  60  11:14  SCV  
  60  11:15  SCV  
  60  11:17  Marine  
  63  11:23  Marine  
  63  11:25  Siege Tank  
  67  11:27  SCV x2  
  69  11:39  SCV x2  
  71  11:41  Missile Turret  
  71  11:51  SCV x2  
  44  11:57  Siege Tank  
  44  11:59  Marine  
  40  12:08  Stimpack  
  37  12:12  Marine x3  
  40  12:17  Marine  
  41  12:30  Marine x3  
  41  12:31  Liberator  
  41  12:35  Marine  
  48  12:48  Marine x3  
  51  12:53  Marine  
  41  13:05  Marine  
  41  13:06  Marine x2  
  41  13:10  Siege Tank  
  47  13:51  Marine  
  47  13:52  Marine x3  
  48  14:09  Marine x2  
  46  14:11  Liberator x2  
  50  14:47  Marine x4  
  53  14:54  Liberator  
  57  15:14  Liberator  
  36  15:31  Marine x2  
  35  15:48  Marine  
  26  16:06  Marine  
Show
View Real Time Build Order
Export as new Build Order

Massa Terran - Winner!

Build Orders:  

Get SALT Encoding   

  12  0:00  SCV  
  13  0:13  SCV  
  14  0:21  Supply Depot  
  14  0:25  SCV  
  16  0:42  SCV  
  16  0:43  Barracks  
  16  0:48  Refinery  
  16  0:55  SCV  
  17  1:07  SCV  
  18  1:19  SCV  
  19  1:31  Orbital Command  
  19  1:33  Barracks Reactor  
  19  1:47  Command Center  
  19  1:53  Bunker  
  19  1:57  SCV  
  20  2:10  Supply Depot  
  20  2:15  Factory  
  20  2:17  Marine  
  20  2:20  Marine  
  22  2:34  Marine  
  23  2:37  Marine  
  23  2:44  SCV  
  24  2:52  Marine  
  24  2:55  Marine  
  26  3:02  Orbital Command  
  26  3:03  SCV  
  27  3:09  Starport  
  27  3:14  Marine x2  
  27  3:15  SCV  
  27  3:17  Hellion  
  25  3:45  SCV x2  
  25  3:53  Hellion, Marine x2  
  29  3:57  SCV x2  
  31  4:09  SCV x2  
  31  4:11  Marine x2  
  31  4:14  Hellion  
  35  4:19  Starport Tech Lab  
  35  4:23  SCV x2  
  37  4:35  SCV  
  38  4:48  Supply Depot  
  38  4:49  Supply Depot  
  38  4:56  Supply Depot  
  38  4:59  Refinery, Cloaking Field  
  38  5:07  Supply Depot  
  38  5:10  Banshee, SCV x2  
  38  5:13  Barracks  
  43  5:19  Factory Tech Lab  
  43  5:22  SCV x2  
  45  5:29  Marine x2  
  45  5:34  SCV x2  
  49  5:42  Refinery  
  49  5:46  SCV x2  
  51  5:51  Siege Tank  
  51  5:52  Banshee, Command Center  
  57  5:58  SCV  
  57  5:59  Marine x2  
  57  6:00  SCV  
  61  6:10  SCV  
  62  6:12  SCV  
  62  6:16  Marine  
  62  6:17  Marine  
  65  6:19  Barracks Tech Lab  
  65  6:23  Siege Tank  
  65  6:25  Barracks  
  68  6:27  Barracks  
  68  6:38  Medivac  
  70  6:55  Supply Depot  
  70  6:57  Supply Depot  
  70  7:03  SCV x2  
  70  7:07  Banshee  
  75  7:15  SCV  
  75  7:19  Supply Depot  
  63  8:10  Stimpack  
  62  8:29  Engineering Bay  
  62  8:37  Orbital Command  
  62  8:49  Supply Depot  
  62  8:50  Supply Depot x2  
  62  8:51  Supply Depot  
  62  8:53  Supply Depot  
  62  8:56  Raven, Supply Depot  
  61  9:11  Siege Tank  
  64  9:27  Orbital Command  
  64  9:36  Missile Turret  
  64  9:39  Refinery  
  64  9:47  Refinery, Orbital Command  
  64  9:49  Missile Turret  
  64  9:52  Refinery, SCV x2  
  66  9:58  Missile Turret  
  66  10:02  Refinery  
  66  10:03  Marauder  
  66  10:04  SCV, Marine, Barracks Tech Lab  
  66  10:05  SCV, Marine  
  66  10:06  Refinery  
  72  10:16  SCV  
  72  10:17  SCV  
  72  10:18  Missile Turret  
  72  10:19  SCV  
  75  10:22  Marine x2  
  75  10:25  Marauder  
  79  10:28  SCV  
  79  10:29  SCV  
  79  10:31  SCV  
  82  10:40  Marine  
  82  10:42  Sensor Tower  
  83  10:44  SCV  
  83  10:45  SCV x2  
  83  10:46  Marauder x2, Marine  
  91  10:53  Concussive Shells, Combat Shield  
  91  10:55  Siege Tank  
  91  10:56  SCV  
  91  10:57  SCV x2  
  96  10:58  Marine  
  96  10:59  Medivac  
  100  11:07  Marauder  
  100  11:08  Marauder  
  104  11:16  Sensor Tower  
  104  11:29  Marauder  
  101  12:00  Marauder x2, Marine x2  
  101  12:03  Medivac  
  84  12:17  Marine  
  84  12:19  Marine  
  84  12:21  Marauder x2  
  90  12:33  Medivac  
  90  12:35  Marine  
  93  12:43  Marauder x2  
  94  13:03  Viking  
  96  13:11  Siege Tank  
  96  13:12  Marauder x2, Marine x2  
  105  13:21  Barracks  
  105  13:22  Barracks  
  105  13:23  Barracks x3  
  105  13:30  Marine x2  
  105  13:32  Command Center  
  105  13:33  Marauder x2  
  101  13:37  Command Center  
  100  13:43  Siege Tank  
  103  13:54  Marauder, Viking  
  107  14:09  Marauder, Marine  
  108  14:10  Marine  
  108  14:12  Barracks Reactor, Barracks Tech Lab  
  108  14:13  Barracks Reactor, Barracks Tech Lab x2  
  108  14:15  Terran Infantry Weapons Level 1  
  109  14:23  Engineering Bay  
  109  14:25  Armory  
  109  14:27  Supply Depot  
  109  14:28  Supply Depot x2  
  109  14:29  Supply Depot  
  109  14:43  Viking  
  109  14:44  Marauder x2  
  115  14:50  Armory  
  115  14:51  Supply Depot  
  115  14:53  Supply Depot  
  115  14:55  Supply Depot  
  115  14:56  Supply Depot  
  115  15:05  Marauder  
  115  15:15  Supply Depot  
  115  15:19  Supply Depot  
  115  15:21  Supply Depot  
  115  15:22  Supply Depot  
  104  15:29  Marauder x2, Marine  
  104  15:30  Marauder x3, Marine x3  
  104  15:33  Siege Tank  
  104  15:34  Medivac  
Tags
 
Matchup
TvT
Race
Terran
Replay Pack
Multiplayer
Spawn Locations
Cross Positions
Add a new tag
Caveats
  • Supply blocks, unpowered buildings, or Contaminate may cause inaccurate times.
  • Supply counts are checked every 10 seconds.